Map: Prion Terraces

Players

ILLBdA

  • Race: Protoss Protoss
  • League: Diamond

OAT - Winner!

  • Race: Protoss Protoss
  • League: Diamond

VOD

Have the link to the VOD?

Description

Time

  • Played on: Dec. 15, 2015, 7:41 a.m.
  • Length: 4:58
Show
View Real Time Build Order
Export as new Build Order

ILLBdA Protoss 

Build Orders: 1 Gate Expand, Dark Templar Rush 

Get SALT Encoding   

  12  0:02  Probe (Chrono Boost)  
  13  0:12  Probe (Chrono Boost)  
  14  0:20  Pylon  
  14  0:23  Probe (Chrono Boost)  
  15  0:38  Gateway, Probe (Chrono Boost)  
  15  0:41  Assimilator  
  16  0:48  Probe (Chrono Boost)  
  17  0:59  Probe (Chrono Boost)  
  18  1:10  Probe (Chrono Boost)  
  19  1:24  Nexus  
  19  1:26  Probe (Chrono Boost)  
  20  1:38  Cybernetics Core  
  20  1:41  Probe (Chrono Boost)  
  21  1:49  Pylon  
  21  1:51  Probe (Chrono Boost)  
  22  2:02  Probe (Chrono Boost)  
  25  2:13  Gateway  
  25  2:15  Adept (Chrono Boost)  
  25  2:17  Mothership Core  
  25  2:18  Warp Gate  
  27  2:33  Pylon  
  27  2:35  Probe  
  27  2:38  Probe  
  27  2:41  Stalker (Chrono Boost)  
  31  2:46  Probe  
  31  2:50  Probe  
  33  2:57  Probe  
  34  3:00  Assimilator  
  34  3:09  Twilight Council  
  34  3:10  Zealot (Chrono Boost)  
  38  3:15  Zealot (Chrono Boost)  
  38  3:16  Probe  
  38  3:17  Probe  
  40  3:23  Pylon  
  40  3:27  Probe  
  40  3:29  Probe  
  42  3:37  Probe  
  42  3:41  Probe  
  44  3:48  Probe  
  43  3:52  Dark Shrine  
  43  3:54  Assimilator  
  44  3:55  Assimilator  
  44  4:02  Probe (Chrono Boost)  
  45  4:07  Pylon  
  45  4:14  Probe (Chrono Boost)  
  46  4:21  Pylon  
  46  4:24  Probe (Chrono Boost)  
  46  4:26  Probe (Chrono Boost)  
  46  4:27  Stalker x2, Robotics Facility  
  52  4:35  Probe (Chrono Boost)  
  53  4:41  Gateway x2  
  53  4:46  Probe (Chrono Boost)  
Show
View Real Time Build Order
Export as new Build Order

OAT Protoss - Winner!

Build Orders: Dark Templar Rush 

Get SALT Encoding   

  12  0:02  Probe (Chrono Boost)  
  13  0:14  Pylon  
  13  0:19  Probe (Chrono Boost)  
  14  0:29  Probe (Chrono Boost)  
  15  0:40  Probe (Chrono Boost)  
  15  0:41  Gateway  
  16  0:52  Probe (Chrono Boost)  
  17  0:59  Assimilator  
  17  1:06  Gateway  
  17  1:09  Assimilator  
  17  1:10  Probe (Chrono Boost)  
  18  1:19  Assimilator  
  18  1:21  Probe (Chrono Boost)  
  19  1:31  Cybernetics Core  
  19  1:36  Probe (Chrono Boost)  
  20  1:47  Probe (Chrono Boost)  
  21  2:04  Nexus  
  21  2:18  Twilight Council  
  21  2:21  Pylon  
  21  2:30  Adept  
  23  2:38  Warp Gate (Chrono Boost)  
  23  2:46  Probe  
  24  3:02  Dark Shrine  
  24  3:04  Gateway  
  24  3:07  Probe  
  25  3:19  Probe  
  26  3:21  Probe  
  27  3:31  Probe  
  28  3:58  Probe  
  28  3:59  Probe  
  28  4:08  Probe, Pylon  
  29  4:17  Robotics Facility  
  29  4:18  Mothership Core  
  31  4:31  Dark Templar x2  
  33  4:35  Probe  
  33  4:38  Probe  
  36  4:39  Pylon  
Tags
 
Add a new tag
Caveats
  • Supply blocks, unpowered buildings, or Contaminate may cause inaccurate times.
  • Supply counts are checked every 10 seconds.